 Dungeon Crawl Stone Soup version 0.27.1-33-g824d729ab1 (webtiles) character file.

Game seed: 7830283112378190764

54 Teslajakalope the Covered (level 3, 0/33 HPs)
             Began as a Minotaur Fighter on Dec 31, 2021.
             Succumbed to an adder's poison
             ... on level 2 of the Dungeon.
             The game lasted 00:03:57 (1181 turns).

Teslajakalope the Covered (Minotaur Fighter)        Turns: 1181, Time: 00:03:57

Health: 0/33       AC:  7    Str: 21    XL:     3   Next: 66%
Magic:  2/2        EV:  7    Int:  5    God:
Gold:   86         SH: 11    Dex:  9    Spells: 2/2 levels left

rFire    . . .     SeeInvis +   a - +0 war axe
rCold    . . .     Faith    .   k - +2 kite shield
rNeg     . . .     Spirit   .   b - +0 scale mail
rPois    .         Reflect  .   (helmet restricted)
rElec    .         Harm     .   (no cloak)
rCorr    .         Rampage  .   (no gloves)
Will     .....                  (no boots)
Stlth    ..........             (no amulet)
HPRegen  0.11/turn              e - ring of see invisible
MPRegen  0.08/turn              (no ring)

@: mighty, brilliant, lethally poisoned (0 -> -5)
A: horns 2, retaliatory headbutt
a: no special abilities


You were on level 2 of the Dungeon.
You visited 1 branch of the dungeon, and saw 2 of its levels.

You collected 86 gold pieces.

Inventory:

Hand Weapons
 a - a +0 war axe (weapon)
Missiles
 h - 84 stones (quivered)
Armour
 b - a +0 scale mail (worn)
 k - a +2 kite shield (worn)
Jewellery
 e - a ring of see invisible (left hand)
Scrolls
 f - 2 scrolls of torment {unknown}
 j - a scroll of holy word {unknown}
Potions
 d - a potion of might
 i - a potion of curing {unknown}


   Skills:
 + Level 4.1 Fighting
 + Level 3.2 Axes
 + Level 4.3 Armour
 - Level 0.1 Dodging
 + Level 4.1 Shields


You had 2 spell levels left.
You didn't know any spells.
Your spell library contained the following spells:

 Spells                   Type           Power      Damage    Failure   Level
 Beastly Appendage        Tmut           0%         N/A       99%         1
 Wereblood                Tmut           0%         N/A       100%        2
 Spider Form              Tmut/Pois      0%         N/A       100%        3


Dungeon Overview and Level Annotations

Branches:
Dungeon (2/15)

Altars:


Innate Abilities, Weirdness & Mutations

You have a pair of horns on your head.
You reflexively headbutt those who attack you in melee.


Message History

The adder bites you but does no damage.
You miss the adder. Your headbutt misses the adder.
The adder closely misses you. You block the adder's attack.
You barely miss the adder. Your headbutt misses the adder.
The adder closely misses you. The adder bites you but does no damage.
You barely miss the adder. You block the adder's attack. x2
You miss the adder. The adder bites you but does no damage.
The adder bites you.
You barely miss the adder. You block the adder's attack. The adder bites you.
You are poisoned.
The adder poisons you!
You slash the adder! Your headbutt misses the adder.
The adder is severely wounded.
You feel very sick. The adder bites you.
You are more poisoned.
The adder poisons you! You block the adder's attack. x2
You closely miss the adder.
The adder is severely wounded.
You feel very sick. The adder bites you.
You are lethally poisoned!
The adder poisons you! You block the adder's attack.
You miss the adder.
The adder is severely wounded.
* * * LOW HITPOINT WARNING * * *
You feel very sick. You block the adder's attack. x2
You hit the adder. You headbutt the adder.
You kill the adder!
* * * LOW HITPOINT WARNING * * *
You feel very sick.
There is a lethal amount of poison in your body!
There is a lethal amount of poison in your body!
You feel very mighty all of a sudden.
* * * LOW HITPOINT WARNING * * *
You feel sick.
It was a potion of brilliance.
You feel clever all of a sudden.
You die...

#. #.#. ###
#.#..# ..#
#.#.#.# ##.#
#.#(#..# #.#$#
#.#.#.#.#
#.#.#.#.#.#..##
#.#.#.#.#.#..
#@#.#.#.#..
#†#.#.#.#.#
#.#.#.#.#.#
#.#.#.#.#.#
###.###...# #
#..####.#
#.......#
#.####.######
#.......#


There were no monsters in sight!

Vanquished Creatures
  2 adders (D:2)
  A dart slug (D:1)
  2 ball pythons (D:1)
  An endoplasm (D:1)
  A giant cockroach (D:1)
  6 goblins (D:1)
  3 hobgoblins
  4 jackals (D:2)
  A kobold (D:1)
  2 quokkas
  2 bats (D:1)
  A frilled lizard (D:2)
  6 rats (D:1)
32 creatures vanquished.

Notes
Turn   | Place    | Note
-------+----------+-------------------------------------------
     0 | D:1      | Teslajakalope the Minotaur Fighter began the quest for the
                  | Orb.
     0 | D:1      | Reached XP level 1. HP: 19/19 MP: 0/0
   118 | D:1      | Reached XP level 2. HP: 25/27 MP: 1/1
   952 | D:2      | Reached XP level 3. HP: 33/33 MP: 2/2
  1148 | D:2      | Found a faded altar of an unknown god.
  1180 | D:2      | HP: 1/33 [poisoned by an adder]
  1181 | D:2      | Succumbed to an adder's poison

Illustrated notes

Levels and vault maps discovered:
D:1:      dpeg_arrival_stone_temple_mockup, layout_basic, minmay_tetromino_s2
D:2:      layout_loops_ring, basic_ecumenical_altar, grunt_ministairs_6,
          minivault_23

Skill      XL: |  1  2  3 |
---------------+----------+-----
Fighting       | 4 |  4.1
Armour         | 4 |  4.3
Axes           | 3 |  3.2
Shields        | 4 |  4.1
Dodging        | |  0.1

Action                   || total
-------------------------++-------
Melee: War axe           ||    72
       Headbutt          ||     7
Throw: Stone             ||     1
  Use: Potion            ||     2
Armor: Scale mail        ||    42
Dodge: Dodged            ||    23
Block: Kite shield       ||    50
